 Dungeon Crawl Stone Soup version 0.30-a0-585-g93115170b9 (webtiles) character file.

Game seed: 4887406328138964572

30 lunkers the Slasher (level 3, -2/31 HPs)
             Began as a Meteoran Fighter on Jan 2, 2023.
             Was an Initiate of Trog.
             Slain by a worm (7 damage)
             ... on level 3 of the Dungeon.
             The game lasted 00:00:49 (745 turns).

lunkers the Slasher (Meteoran Fighter)               Turns: 745, Time: 00:00:50

Health: -2/31      AC:  6    Str: 19    XL:     3   Next: 58%
Magic:  4/4        EV:  9    Int:  9    God:    Trog [......]
Gold:   56         SH:  5    Dex: 14    Spells: 2/2 levels left

rFire   . . .      SeeInvis .    a - +0 long sword
rCold   . . .      Faith    .    c - +0 buckler
rNeg    . . .      Spirit   .    b - +0 scale mail
rPois   .          Reflect  .    (no helmet)
rElec   .          Harm     .    (no cloak)
rCorr   .          Rampage  .    (no gloves)
Will    .....                    (no boots) Stlth
                                 (no amulet)
HPRegen 0.25/turn                (no ring)
MPRegen 0.09/turn                (no ring)

@: glowing
A: sense surroundings 1, otherworldly, glowing, explore regen
a: Renounce Religion


You were on level 3 of the Dungeon.
You worshipped Trog.
Trog was noncommittal.
You visited 1 branch of the dungeon, and saw 3 of its levels.

You collected 56 gold pieces.

Inventory:

Hand Weapons
 a - a +0 long sword (weapon)
Armour
 b - a +0 scale mail (worn)
 c - a +0 buckler (worn)
Scrolls
 e - a scroll of teleportation {unknown}
 h - 2 scrolls of identify {unknown}
 j - 3 scrolls of fear {unknown}
 k - a scroll of magic mapping {unknown}
Potions
 d - 3 potions of might
 f - a potion of curing {unknown}
 g - 2 potions of heal wounds {unknown}
 i - 2 potions of lignification {unknown}


   Skills:
 - Level 3.2 Fighting
 + Level 4.3 Long Blades
 - Level 3.6 Armour
 - Level 3.6 Shields


You had 2 spell levels left.
You didn't know any spells.
Your spell library was empty.

Dungeon Overview and Level Annotations

Branches:
Dungeon (3/15) Zot: 1029

Altars:
Trog


Innate Abilities, Weirdness & Mutations

You passively map a small area around you.
You are easily found by Zot.
You glow in the dark.
You regain HP and MP as you explore.


Message History

You barely miss the worm.
The worm is moderately wounded.
The worm bites you but does no damage.
You hit the worm but do no damage.
The worm is moderately wounded.
You barely miss the worm.
The worm is moderately wounded.
The worm bites you.
You hit the worm.
The worm is heavily wounded.
The worm closely misses you.
You hit the worm.
The worm is heavily wounded.
The worm bites you.
You barely miss the worm.
The worm is heavily wounded.
You hit the worm.
The worm is severely wounded.
The worm bites you but does no damage.
You hit the worm.
The worm is almost dead.
The worm bites you!
* * * LOW HITPOINT WARNING * * *
You hit the worm but do no damage.
The worm is severely wounded.
The worm bites you.
* * * LOW HITPOINT WARNING * * *
You completely miss the worm.
The worm is severely wounded.
You hit the worm.
The worm is almost dead.
The worm barely misses you.
You hit the worm but do no damage.
The worm is almost dead.
The worm bites you!
* * * LOW HITPOINT WARNING * * *
You hit the worm.
The worm is almost dead.
The worm bites you!
You die...

###.......###*
, * ,
.....!......
##.........#*
,,
...........###
*, * *
#...........,
.#.........#*
,,
...........#*
, ,
.......@...#
?#.....w.### *
.........#
##.....!##,, *
* ##.....# ,
#......#, , *
...###.## ..#
#. , * , ,


You could see a worm.

Vanquished Creatures
  5 bats
  2 endoplasms (D:1)
  A giant cockroach (D:3)
  4 goblins
  3 hobgoblins
  3 quokkas
  3 ball pythons
  2 frilled lizards (D:2)
  2 kobolds
  3 rats (D:1)
28 creatures vanquished.

Notes
Turn   | Place    | Note
-------+----------+-------------------------------------------
     0 | D:1      | lunkers the Meteoran Fighter began the quest for the Orb.
     0 | D:1      | Reached XP level 1. HP: 19/19 MP: 2/2
    67 | D:1      | Reached skill level 3 in Long Blades
    67 | D:1      | Reached XP level 2. HP: 16/26 MP: 3/3
   261 | D:1      | Reached XP level 3. HP: 26/31 MP: 4/4
   322 | D:1      | Reached skill level 4 in Long Blades
   452 | D:2      | Found a bloodstained altar of Trog.
   493 | D:2      | Became a worshipper of Trog the Wrathful
   745 | D:3      | Slain by a worm

Illustrated notes

Levels and vault maps discovered:
D:1:      tarquinn_simple_flora_water_a, layout_loops_ring,
          basic_ecumenical_altar, hangedman_feature_mirror
D:2:      layout_rooms, basic_altar
D:3:      layout_rooms, minmay_misc_feat_nine_boxes, nrook_uturn,
          minmay_tree_intersection, chequers_arboretum, supply_closet_lemuel,
          minmay_lizard_king

Skill      XL: |  1  2  3 |
---------------+----------+-----
Long Blades    | 3 4 |  4.3
Fighting       | |  3.2
Armour         | |  3.6
Shields        | |  3.6

Action                   || total
-------------------------++-------
Melee: Long sword        ||    95
Armor: Scale mail        ||    45
Dodge: Dodged            ||    35
Block: Buckler           ||    17

Table legend: (Time is in decaauts)
 A = Elapsed time spent in this place.
 B = Non-inter-level travel time spent in this place.
 C = Inter-level travel time spent in this place.
 D = Time resting spent in this place.
 E = Time spent auto-exploring this place.
 F = Levels seen in this place.
 G = Mean time per level.
                   A        B        C        D        E       F      G
               +--------+--------+--------+--------+--------+-----+--------+
         Total |    769 |    722 |     47 |      0 |    525 |   3 |  256.3 |
       Dungeon |    769 |    722 |     47 |      0 |    525 |   3 |  256.3 |
               +--------+--------+--------+--------+--------+-----+--------+

Top non-repeatable levels by time:
     D:2: 382 daAuts
     D:1: 358 daAuts
     D:3: 28 daAuts
